 Dungeon Crawl Stone Soup version 0.18-a0-1372-gd644665 (webtiles) character file.

75 wvc the Grave Robber (level 4, 0/33 HPs)
             Began as a Demonspawn Necromancer on Feb 21, 2016.
             Slain by an ooze (3 damage)
             ... on level 2 of the Dungeon.
             The game lasted 00:03:36 (1794 turns).

wvc the Grave Robber (Demonspawn Necromancer)       Turns: 1794, Time: 00:03:36

Health: 0/33       AC:  5    Str:  9    XL:     4   Next: 11%
Magic:  0/7        EV: 10    Int: 17    God:
Gold:   59         SH:  0    Dex: 13    Spells: 1 memorised, 6 levels left

rFire  . . .     SeeInvis .     i - +0 spear
rCold  . . .     Gourm    .     o - +0 ring mail
rNeg   . . .     Faith    .     (no shield)
rPois  .         Spirit   +     (helmet restricted)
rElec  .         Dismiss  .     (no cloak)
rCorr  .         Reflect  .     (no gloves)
SustAt .         Harm     .     (no boots)
MR     .....                    (no amulet)
Stlth  +.........               (no ring)
                                (no ring)

@: lethally poisoned (0 -> -4), not resistant to hostile enchantments, very
unstealthy
A: antennae 1, demonic guardian 1, magic shield
a: no special abilities


You were on level 2 of the Dungeon.
You were not hungry.

You visited 1 branch of the dungeon, and saw 2 of its levels.

You collected 59 gold pieces.

Inventory:

Hand Weapons
 e - a +0 dagger
 i - a +0 spear (weapon)
Armour
 o - a +0 ring mail (worn)
Scrolls
 a - a scroll of amnesia {unknown}
 d - 4 scrolls of identify {unknown}
 g - a scroll of fog {unknown}
 h - a scroll of blinking {unknown}
 l - 2 scrolls of remove curse {unknown}
 m - a scroll of enchant weapon {unknown}
Potions
 f - a potion of heal wounds {unknown}
 j - a potion of invisibility {unknown}
 k - 2 potions of haste {unknown}
 n - a potion of curing {unknown}
Books
 b - a book of Necromancy

   Spells                             Type                      Level
   a - Pain                           Necromancy                   1
   b - Animate Skeleton               Necromancy                   1
   c - Vampiric Draining              Necromancy                   3
   d - Regeneration                   Charms/Necromancy            3
   e - Animate Dead                   Necromancy                   4
   f - Control Undead                 Necromancy                   4
Comestibles
 c - a bread ration
 p - a chunk of flesh


   Skills:
 - Level 2.0 Fighting
 + Level 2.4 Polearms
 + Level 1.0 Armour
 - Level 1.7 Dodging
 - Level 1.7 Stealth
 - Level 2.0 Spellcasting
 - Level 4.3 Necromancy


You had 6 spell levels left.
You knew the following spells:

 Your Spells              Type           Power        Failure   Level  Hunger
a - Pain                  Necr           ###.         12%         1    #......


Dungeon Overview and Level Annotations

Branches:
Dungeon (2/15)

Altars:


Innate Abilities, Weirdness & Mutations

You have a pair of small antennae on your head.
A weak demonic guardian rushes to your aid.
When hurt, damage is shared between your health and your magic reserves.


Message History

Press: ? - help, Shift-Dir - straight line, f/p - adder
Aim: an adder (severely wounded, chance to defeat MR: 81%)
The adder convulses in agony!
* * * LOW HITPOINT WARNING * * *
You feel sick. The adder misses you.
Casting: Pain
Confirm with . or Enter, or press ? or * to list all spells.
Aiming: Pain
Press: ? - help, Shift-Dir - straight line, f/p - adder
Aim: an adder (almost dead, chance to defeat MR: 81%)
The adder convulses in agony!
You kill the adder!
Your Armour skill increases to level 1!
You have reached level 4!
You feel stronger.
Your demonic ancestry asserts itself...
You feel the presence of a demonic guardian.
You hit the ooze.
The ooze is heavily wounded.
The ooze hits you.
You die...

# #.## #..#.....# #
#..####.#..###.# #
##...#..<.## # ##
###.....##
.#########.##..#
...........##..#
#######..####..#
#.....[.## #..##### #
..#####.## #...@J.#.#
..# #..####.####...#
..## ##.#....# ##.##
...#####.#.#### .....
...........# #.###.#
#.....##..## ##..# ...
##.........####..# ###
####.......)..#.#####..
# #.##.###.#..........


You could see an ooze.

Vanquished Creatures
  5 adders (D:2)
  A giant gecko (D:1)
  8 goblins
  7 hobgoblins
  A quokka (D:2)
  2 bats (D:1)
  2 giant newts (D:1)
  2 kobolds (D:1)
  A rat (D:2)
29 creatures vanquished.

Notes
Turn   | Place    | Note
--------------------------------------------------------------
     0 | D:1      | wvc the Demonspawn Necromancer began the quest for the Orb.
     0 | D:1      | Reached XP level 1. HP: 13/13 MP: 3/3
    23 | D:1      | Reached skill level 1 in Fighting
   521 | D:1      | Gained mutation: When hurt, damage is shared between your health and your magic reserves. [demonic ancestry]
   521 | D:1      | Reached XP level 2. HP: 15/21 MP: 3/5
  1144 | D:2      | Reached skill level 1 in Polearms
  1144 | D:2      | Gained mutation: You have a pair of small antennae on your head. [demonic ancestry]
  1144 | D:2      | Reached XP level 3. HP: 18/27 MP: 6/6
  1793 | D:2      | Reached skill level 1 in Armour
  1793 | D:2      | Gained mutation: A weak demonic guardian rushes to your aid. [demonic ancestry]
  1793 | D:2      | Reached XP level 4. HP: 4/33 MP: 1/7
  1794 | D:2      | Slain by an ooze

Vault maps used:
D:1:      lemuel_arrival_lava_pool
D:2:      grunt_temple_overflow_cloverleaf, ecumenical_altar_2

Action                   |  1- 3 |  4- 6 || total
-------------------------+-------+-------++-------
Melee: Dagger            |     8 |       ||     8
       Unarmed           |     3 |       ||     3
       Spear             |    93 |     1 ||    94
 Cast: Pain              |    17 |     1 ||    18
 Stab: Sleeping          |     2 |       ||     2
  Eat: Chunk             |     3 |       ||     3
